 Dungeon Crawl Stone Soup version bcrawl-1.35.4c (webtiles) character file.

Game seed: 1379867577361672044

286363 HammerPanzer the Basher (level 8, 40/75 HPs)
             Began as a Minotaur Berserker on Feb 6, 2022.
             Was an Elder of Trog.
             Quit the game on level 5 of the Dungeon.
             The game lasted 00:10:04 (4579 turns).

HammerPanzer the Basher (Minotaur Berserker)        Turns: 4579, Time: 00:10:05

Health: 40/75      AC: 11    Str: 23    XL:     8   Next: 61%
Magic:  7/7        EV:  8    Int:  0    God:    Trog [****..]
Gold:   366        SH:  0    Dex: 10    Spells: 7/7 levels left

rFire    + . .     SeeInvis .   y - +0 morningstar
rCold    . . .     Gourm    .   (no shield)
rNeg     . . .     Faith    .   c - +1 chain mail
rPois    .         Spirit   .   m - +2 hat
rElec    .         Reflect  .   (no cloak)
rCorr    .                      (no gloves)
MR       .....                  (no boots)
Stlth    ..........             (no amulet)
HPRegen  0.22/turn              x - -5 ring of intelligence (curse)
MPRegen  0.10/turn              a - ring of protection from fire

@: slowed, lost intelligence, very slow
A: retaliatory headbutt, horns 2
a: Berserk, Trog's Hand, Brothers in Arms, Renounce Religion


You were on level 5 of the Dungeon.
You worshipped Trog.
Trog was greatly pleased with you.
You were not hungry.

You visited 1 branch of the dungeon, and saw 5 of its levels.

You collected 366 gold pieces.

Inventory:

Hand Weapons
 r - a +1 flail of crushing
 y - a +0 morningstar (weapon)
Armour
 c - a +1 chain mail (worn)
 m - a +2 hat (worn)
Jewellery
 a - a ring of protection from fire (right hand)
 g - an uncursed ring of protection from magic
 v - an uncursed ring of wizardry
 x - a cursed -5 ring of intelligence (left hand)
Wands
 l - a wand of enslavement (9)
 q - a wand of digging (13)
Scrolls
 t - 2 scrolls of remove curse
Potions
 b - a potion of might
 d - a potion of resistance
 f - 2 potions of brilliance
 h - a potion of heal wounds
 j - a potion of agility {unknown}
 k - a potion of mutation {unknown}
 n - a potion of degeneration {unknown}
 o - a potion of lignification {unknown}
 p - a potion of curing {unknown}
 w - a potion of haste {unknown}
Comestibles
 e - 9 rations {!d}
 s - a chunk of flesh


   Skills:
 + Level 8.3 Fighting
 * Level 11.1 Maces & Flails
 - Level 2.4 Armour
 - Level 2.1 Dodging


You had 7 spell levels left.
You didn't know any spells.
Your spell library contained the following spells:

 Spells                   Type           Power        Failure   Level  Hunger
 Freeze                   Ice            #.....       99%         1    None
 Ozocubu's Armour         Chrm/Ice       #.......     100%        3    #####..
 Throw Icicle             Conj/Ice       #.......     100%        4    ######.
 Bolt of Cold             Conj/Ice       #.........   100%        6    #######
 Freezing Cloud           Ice/Air        #.........   100%        6    #######


Dungeon Overview and Level Annotations

Branches:
Dungeon (5/12)
 Temple: D:4-7

Altars:
Gozag
Makhleb
Okawaru
Qazlal
Sif Muna
Trog
Uskayaw
Xom
Yredelemnul
Zin

Shops:
D:5 }**!


Innate Abilities, Weirdness & Mutations

You reflexively headbutt those who attack you in melee.
You have a pair of horns on your head.


Message History

Put on which piece of jewellery? (? for menu, Esc to quit)
You're wearing all the rings you can.
Remove which one? (? for menu, Esc to cancel) < or
g - a ring of protection from magic > or
a - a ring of protection from fire You remove your ring of protection from magic.
v - a ring of wizardry (left hand) Put on which piece of jewellery? (? for menu, Esc to quit)
You're wearing all the rings you can.
Remove which one? (? for menu, Esc to cancel) < or
v - a ring of wizardry; > or
a - a ring of protection from fire You remove your ring of wizardry.
You feel stupid.
You have lost your intelligence.
Oops, that ring feels deathly cold.
x - a cursed -5 ring of intelligence (left hand)
You can move again.
Unknown command.
You almost manage to decipher the scroll, but fail in this attempt.
Unknown command.
Are you sure you want to abandon this character and quit the game? (Confirm with "yes".)

..#...(###......#.####.'....#.#
.##.##...###......# ###....#.#
.#..#..#...###..### #.._.#.#
############ ##### ##...#.# #.#
#####.# #.# #.# #.# #.# #.# #.#
#@# #.# ################.#
#.### ..............)))# #..).
################## #####


There were no monsters in sight!

Vanquished Creatures
  Prince Ribbit (D:5)
  Duvessa (D:5)
  A sky beast (D:5)
  A centaur (D:5)
  A big kobold (D:3)
  2 bullfrogs (D:5)
  A gnoll sergeant (D:5)
  A scorpion (D:4)
  Dowan (D:5)
  2 bullfrog zombies (D:5)
  4 crimson imps (D:5)
  A hound (D:4)
  4 orc wizards
  An iguana (D:5)
  2 worker ants
  A hound skeleton (D:4)
  18 gnolls
  4 adders
  3 oozes
  2 adder skeletons
  A worm (D:2)
  2 dart slugs
  A leopard gecko (D:3)
  14 orcs
  4 bats
  5 giant cockroaches
  7 goblins
  10 hobgoblins
  A jackal (D:5)
  7 quokkas
  2 ball pythons (D:3)
  4 frilled lizards
  A goblin skeleton (D:2)
  A jackal skeleton (D:5)
  11 kobolds
  A quokka skeleton (D:4)
  4 rats
  2 plants (D:5)
130 creatures vanquished.

Vanquished Creatures (others)
  6 plants (D:5)
6 creatures vanquished.

Grand Total: 136 creatures vanquished

Notes
Turn   | Place    | Note
-------+----------+-------------------------------------------
     0 | D:1      | HammerPanzer the Minotaur Berserker began the quest for the
                  | Orb.
     0 | D:1      | Reached XP level 1. HP: 19/19 MP: 0/0
   166 | D:1      | Reached skill level 4 in Maces & Flails
   173 | D:1      | Reached XP level 2. HP: 22/27 MP: 1/1
   684 | D:1      | Reached ** piety under Trog
   944 | D:2      | Reached XP level 3. HP: 33/33 MP: 2/2
  1139 | D:2      | Reached skill level 5 in Maces & Flails
  1189 | D:2      | Found an iron altar of Okawaru.
  1191 | D:2      | Found a stormy altar of Qazlal.
  1223 | D:2      | Found a bloodstained altar of Trog.
  1260 | D:2      | Reached XP level 4. HP: 36/41 MP: 3/3
  1551 | D:2      | Found a runed door.
  1553 | D:2      | Noticed a human
  1570 | D:2      | Found a basalt altar of Yredelemnul.
  1828 | D:3      | Found a hide-covered altar of Uskayaw.
  1828 | D:3      | Noticed a big kobold
  1839 | D:3      | Killed a big kobold
  1840 | D:3      | Reached skill level 5 in Fighting
  1840 | D:3      | Reached skill level 6 in Maces & Flails
  1840 | D:3      | Reached XP level 5. HP: 48/48 MP: 4/4
  2121 | D:3      | Reached *** piety under Trog
  2262 | D:3      | Found a burning altar of Makhleb.
  2262 | D:3      | Noticed an Executioner
  2265 | D:3      | Noticed a smoke demon
  2265 | D:3      | Noticed a ynoxinul
  2460 | D:3      | Found a shimmering blue altar of Sif Muna.
  2468 | D:3      | Reached skill level 7 in Maces & Flails
  2468 | D:3      | Reached XP level 6. HP: 55/56 MP: 5/5
  2674 | D:4      | Identified the Grimoire of Cold
  3416 | D:5      | Entered Level 5 of the Dungeon
  3432 | D:5      | Noticed a sky beast
  3434 | D:5      | Reached skill level 8 in Maces & Flails
  3444 | D:5      | Killed a sky beast
  3445 | D:5      | Reached XP level 7. HP: 40/64 MP: 6/6
  3535 | D:5      | Reached skill level 9 in Maces & Flails
  3652 | D:5      | Found an opulent altar of Gozag.
  3653 | D:5      | Found a glowing silver altar of Zin.
  3683 | D:5      | Found the cursed +14 obsidian axe {chop, +Fly SInv *Curse}
  3807 | D:5      | Reached XP level 8. HP: 48/73 MP: 7/7
  3916 | D:5      | Reached skill level 10 in Maces & Flails
  3983 | D:5      | Noticed Prince Ribbit
  3990 | D:5      | Killed Prince Ribbit
  4051 | D:5      | Noticed Dowan
  4057 | D:5      | Killed Dowan
  4057 | D:5      | Noticed Duvessa
  4061 | D:5      | Killed Duvessa
  4065 | D:5      | Reached **** piety under Trog
  4116 | D:5      | Found Monemnie's General Store.
  4123 | D:5      | Found Zuqeud's Gadget Shoppe.
  4123 | D:5      | Found Zuwogih's General Store.
  4129 | D:5      | Found Ufiegh's Distillery.
  4162 | D:5      | Reached skill level 11 in Maces & Flails
  4187 | D:5      | Found a shimmering altar of Xom.
  4573 | D:5      | Lost intelligence.
  4579 | D:5      | Quit the game

Skill      XL: |  1  2  3  4  5  6  7  8 |
---------------+-------------------------+-----
Maces & Flails | 4 5 6 7 8 9 11 | 11.1
Fighting       | 4 5 6 7 8 |  8.3
Armour         | |  2.4
Dodging        | |  2.1

Action                   |  1- 3 |  4- 6 |  7- 9 || total
-------------------------+-------+-------+-------++-------
Melee: Mace              |    87 |     2 |       ||    89
       Headbutt          |    17 |    21 |    24 ||    62
       Flail             |       |   128 |    72 ||   200
       Morningstar       |       |       |    40 ||    40
Invok: Berserk           |       |     2 |     3 ||     5
  Use: Scroll            |     2 |     5 |     3 ||    10
  Eat: Chunk             |     4 |    11 |    10 ||    25
Armor: Chain mail        |    46 |    58 |    52 ||   156
Dodge: Dodged            |    40 |    53 |    41 ||   134
